Map: Invader LE

Players

capac - Winner!

  • Race: Terran Terran
  • League: Gold

Danso

  • Race: Zerg Zerg
  • League: Silver

VOD

Have the link to the VOD?

Description

Time

  • Played on: April 30, 2016, 8 a.m.
  • Length: 9:32
Show
View Real Time Build Order
Export as new Build Order

capac Terran - Winner!

Build Orders: Reaper Expand, MMM Bio 

Get SALT Encoding   

  12  0:00  SCV  
  13  0:12  SCV  
  14  0:18  Supply Depot  
  14  0:25  SCV  
  15  0:39  SCV  
  15  0:40  Barracks  
  16  0:44  Refinery  
  16  0:52  SCV  
  17  1:04  SCV  
  18  1:16  SCV  
  19  1:27  Reaper  
  19  1:28  Orbital Command  
  20  1:42  Command Center  
  20  1:53  Supply Depot  
  20  1:57  SCV  
  20  1:59  Marine  
  22  2:10  SCV  
  22  2:13  Factory  
  23  2:17  Refinery  
  23  2:27  Barracks Reactor  
  23  2:30  Barracks  
  23  2:31  SCV  
  24  2:53  SCV  
  24  2:54  Orbital Command  
  24  2:58  Starport  
  25  2:59  Factory Tech Lab  
  25  3:05  SCV  
  26  3:07  Marine x2  
  28  3:22  SCV x2  
  28  3:26  Marine x2  
  32  3:27  Barracks Tech Lab  
  32  3:30  Barracks  
  32  3:33  Siege Tank  
  35  3:38  Supply Depot  
  35  3:43  Medivac  
  38  3:48  SCV x2  
  38  3:51  Marine x2  
  41  4:01  Stimpack  
  40  4:03  SCV x2  
  42  4:10  Bunker  
  42  4:15  Engineering Bay, SCV x2  
  44  4:39  Marine, SCV x2  
  44  4:40  Marine x2  
  44  4:41  Supply Depot  
  44  4:42  Barracks Reactor  
  44  4:44  Barracks  
  49  4:46  Siege Tank  
  49  4:48  Starport Reactor  
  49  4:51  Supply Depot  
  52  4:58  Refinery  
  52  5:11  SCV  
  52  5:12  Supply Depot, Marine x2, SCV  
  52  5:13  Marine  
  57  5:19  Terran Infantry Weapons Level 1  
  57  5:22  Engineering Bay  
  57  5:24  SCV x2  
  59  5:30  Medivac  
  61  5:38  SCV x2  
  61  5:39  Marine x3  
  61  5:40  Marine  
  61  5:41  Marine  
  69  5:45  Barracks Reactor  
  65  5:57  Marine x3  
  65  5:58  Marine  
  65  5:59  Marine  
  70  6:04  SCV x2  
  70  6:06  Refinery  
  70  6:09  Medivac x2  
  76  6:12  Terran Infantry Armor Level 1  
  76  6:15  Marine x2  
  78  6:36  Armory  
  78  6:42  Supply Depot  
  78  6:46  Liberator  
  78  6:53  Combat Shields  
  78  7:03  Marine x3  
  78  7:04  SCV x2  
  86  7:09  Supply Depot  
  86  7:12  Marine x4  
  86  7:15  Supply Depot  
  90  7:16  SCV x2  
  90  7:22  Marauder  
  94  7:31  Marine x3, SCV x2  
  98  7:37  Marine x3  
  98  7:43  Marine  
  102  7:49  Marine  
  103  8:01  Marauder, Marine x2  
  103  8:02  Marine x2  
  109  8:06  Supply Depot  
  109  8:07  Supply Depot  
  105  8:20  Missile Turret  
  105  8:22  Marauder  
  105  8:23  Missile Turret x2  
  105  8:25  Missile Turret  
  92  9:04  Marine x3  
  92  9:05  Marine x4  
Show
View Real Time Build Order
Export as new Build Order

Danso Zerg 

Build Orders: Pool First 

Get SALT Encoding   

  12  0:02  Drone  
  13  0:13  Overlord  
  13  0:18  Drone  
  14  0:32  Drone x2  
  16  0:36  Drone  
  17  0:52  Spawning Pool  
  17  0:54  Extractor, Drone  
  16  0:59  Drone  
  17  1:23  Drone x2  
  19  1:27  Hatchery  
  18  1:32  Drone  
  19  1:47  Roach Warren  
  19  1:52  Drone x2  
  19  1:53  Extractor  
  19  2:07  Zergling x2  
  20  2:09  Metabolic Boost  
  20  2:23  Queen  
  22  2:33  Overlord x2  
  22  2:56  Drone x5  
  27  3:10  Lair  
  27  3:15  Drone x3  
  27  3:19  Extractor  
  29  3:22  Extractor  
  29  3:26  Zergling x2  
  29  3:38  Roach  
  29  3:39  Roach x3  
  37  3:56  Spore Crawler  
  36  4:07  Drone x4  
  36  4:08  Drone  
  41  4:20  Zergling x6  
  44  4:47  Overlord x3  
  44  5:04  Queen, Hatchery  
  45  5:07  Ravager x2  
  45  5:08  Ravager x2  
  45  5:12  Drone x3  
  45  5:13  Drone x2  
  55  5:14  Drone x3  
  57  5:26  Spire  
  56  5:31  Evolution Chamber  
  44  5:54  Zergling x6  
  44  5:55  Zergling x6  
  44  6:18  Drone x3  
  46  6:19  Drone x2  
  49  6:29  Roach x2  
  49  6:30  Roach  
  55  6:42  Hydralisk Den  
  54  6:48  Extractor  
  54  6:50  Drone  
  54  6:51  Extractor, Drone x7  
  54  6:52  Drone  
  61  7:00  Zerg Ground Armor Level 1  
  61  7:05  Evolution Chamber  
  60  7:14  Hydralisk x4  
  60  7:15  Hydralisk x3  
  70  7:18  Overlord  
  66  7:37  Mutalisk x5  
  71  8:01  Ravager x3  
  68  8:23  Mutalisk x4  
  68  8:25  Overlord x2  
  68  8:26  Overlord  
  65  9:09  Spire  
Tags
 
Add a new tag
Caveats
  • Supply blocks, unpowered buildings, or Contaminate may cause inaccurate times.
  • Supply counts are checked every 10 seconds.